 Dungeon Crawl Stone Soup version 0.30-a0-325-gb515db48ae (webtiles) character file.

Game seed: 1534788643598696625

661 Devinter the Magician (level 7, 0/54 HPs)
             Began as a Deep Elf Fire Elementalist on Oct 28, 2022.
             Was an Initiate of Sif Muna.
             Succumbed to a water moccasin's poison
             ... on level 5 of the Dungeon.
             The game lasted 00:25:22 (3447 turns).

Devinter the Magician (Deep Elf Fire Elementalist)  Turns: 3447, Time: 00:25:22

Health: 0/54       AC:  4    Str:  5    XL:     7   Next: 30%
Magic:  6/18       EV: 13    Int: 22    God:    Sif Muna [......]
Gold:   306        SH:  0    Dex: 15    Spells: 15/18 levels left

rFire   . . .      SeeInvis .    i - +0 whip (freeze)
rCold   . . .      Faith    .    (no shield)
rNeg    . . .      Spirit   .    p - +1 robe of Wu Jian's Scorn {Rampage Will+}
rPois   .          Reflect  .    (no helmet)
rElec   .          Harm     .    h - +0 cloak
rCorr   .          Rampage  +    (no gloves)
Will    +....                    (no boots)
Stlth   ..........               z - amulet of the acrobat
HPRegen 0.29/turn                r - ring of wizardry
MPRegen 0.16/turn                (no ring)

@: berserking (expiring), lethally poisoned (0 -> -16), very quick
A: no striking features
a: Renounce Religion


You were on level 5 of the Dungeon.
You worshipped Sif Muna.
Sif Muna was noncommittal.
You visited 1 branch of the dungeon, and saw 5 of its levels.

You collected 306 gold pieces.

Inventory:

Hand Weapons
 i - a +0 whip of freezing (weapon)
 x - a +1 mace of venom
 G - a +3 short sword
 L - a +2 dagger of venom
Missiles
 w - 3 poisoned darts
 E - 2 throwing nets
 F - 4 boomerangs of dispersal
Armour
 a - a +0 robe
 c - a +0 chain mail of poison resistance
 h - a +0 cloak (worn)
 m - a +0 ring mail of fire resistance
 p - the +1 robe of Wu Jian's Scorn (worn) {Rampage Will+}
   (You found it on level 2 of the Dungeon)

   Rampage:   It bestows one free step when moving towards enemies.
   Will:      It increases your willpower.
 H - a +1 robe of willpower
Jewellery
 r - a ring of wizardry (left hand)
 z - an amulet of the acrobat (around neck)
 M - an amulet of regeneration
Scrolls
 d - a scroll of enchant weapon {unknown}
 e - 7 scrolls of identify {unknown}
 f - 2 scrolls of vulnerability {unknown}
 g - a scroll of enchant armour {unknown}
 j - 2 scrolls of magic mapping {unknown}
 l - a scroll of silence {unknown}
 o - a scroll of poison {unknown}
 s - 4 scrolls of teleportation {unknown}
 t - a scroll of butterflies {unknown}
 v - a scroll of summoning {unknown}
 y - 2 scrolls of amnesia {unknown}
Potions
 b - 2 potions of magic
 k - a potion of berserk rage
 n - 4 potions of mutation {unknown}
 q - 2 potions of degeneration {unknown}
 u - a potion of lignification {unknown}
 A - 2 potions of curing {unknown}
 B - 2 potions of attraction {unknown}
 C - a potion of flight {unknown}
 D - 2 potions of brilliance {unknown}
 I - a potion of heal wounds {unknown}
 J - a potion of might {unknown}
 K - a potion of haste


   Skills:
 - Level 3.0 Dodging
 - Level 3.0 Stealth
 + Level 6.0 Spellcasting
 - Level 4.0 Conjurations
 - Level 2.0 Translocations
 - Level 6.0 Fire Magic
 - Level 2.0 Air Magic


You had 15 spell levels left.
You knew the following spells:

 Your Spells              Type           Power      Damage    Failure   Level
a - Foxfire               Conj/Fire      100%       2x1d9     1%          1
b - Scorch                Fire           66%        2d8       1%          2

Your spell library contained the following spells:

 Spells                   Type           Power      Damage    Failure   Level
 Kindle Blastsparks       Fire/Tloc/Air  42%        2d13      2%          3
 Inner Flame              Hex/Fire       19%        N/A       3%          3
 Flame Wave               Conj/Fire      28%        2d9       4%          4


Dungeon Overview and Level Annotations

Branches:
Dungeon (5/15)
 Temple: D:4-7

Altars:
Sif Muna
Uskayaw

Shops:
D:3 [


Message History

You feel very sick.
The water moccasin bites you but does no damage.
The adder bites you but does no damage.
Training target 4.0 for Conjurations reached!
Your Conjurations skill increases to level 4!
You need to enable at least one skill for training.
You closely miss the water moccasin.
The water moccasin is moderately wounded.
You feel sick. The water moccasin closely misses you. The adder bites you.
* * * LOW HITPOINT WARNING * * *
You closely miss the water moccasin.
The water moccasin is moderately wounded.
You feel sick.
The water moccasin completely misses you.
The adder bites you but does no damage.
You closely miss the water moccasin.
The water moccasin is moderately wounded.
You feel sick. The water moccasin bites you.
* * * LOW HITPOINT WARNING * * *
The adder barely misses you.
You barely miss the water moccasin.
The water moccasin is moderately wounded.
You feel sick. The water moccasin misses you. The adder misses you.
You miss the water moccasin.
The water moccasin is moderately wounded.
You feel sick. The water moccasin closely misses you.
You closely miss the water moccasin.
The water moccasin is moderately wounded.
You feel sick. The adder barely misses you.
The water moccasin closely misses you.
You hit the water moccasin.
The water moccasin seems to slow down.
You freeze the water moccasin.
The water moccasin is moderately wounded.
You feel sick. The adder closely misses you. The water moccasin bites you.
* * * LOW HITPOINT WARNING * * *
You are more poisoned.
The water moccasin poisons you!
You miss the adder.
The adder is lightly wounded.
You die...

(#(##...#.....<.#.#
((##..###.#####...# .#
#######...######..####### ..#.
.........#[.............##>....
.÷....#####.#####.#####........
.÷.###### #..###..###..........
........####..............#.#..
.######..........S.............
.## #######.#.@S.............
..###### #....†.............
......~♣ #..<.........$....♣
..###~.♣# #..........>........~
..###P~~# #............$...P~~.
...##♣~~# #)##............P~~~~
...##.~.# #. #.............~~~≈
.#......# # ###...........♣~~~~
.#....†## ..# ##..$........P~~P


You could see a water moccasin (slow) and an adder.

Vanquished Creatures
  Sigmund (D:3)
  2 hounds
  Natasha (D:3)
  5 iguanas (D:5)
  2 orc wizards (D:5)
  3 gnolls (D:3)
  8 adders
  3 ufetubi
  3 worms
  5 dart slugs
  7 orcs
  3 ball pythons
  11 endoplasms
  5 giant cockroaches
  10 hobgoblins
  3 jackals
  9 kobolds
  A quokka (D:5)
  3 bats
  6 frilled lizards
  12 goblins
  3 rats (D:1)
106 creatures vanquished.

Vanquished Creatures (others)
  161 foxfires
161 creatures vanquished.

Grand Total: 267 creatures vanquished

Notes
Turn   | Place    | Note
-------+----------+-------------------------------------------
     0 | D:1      | Devinter the Deep Elf Fire Elementalist began the quest for
                  | the Orb.
     0 | D:1      | Reached XP level 1. HP: 10/10 MP: 6/6
   202 | D:1      | Reached XP level 2. HP: 15/15 MP: 5/8
   205 | D:1      | Learned a level 2 spell: Scorch
   661 | D:2      | Reached skill level 3 in Stealth
   684 | D:2      | Reached XP level 3. HP: 19/19 MP: 5/9
   690 | D:2      | Reached skill level 3 in Dodging
   848 | D:2      | Identified the +1 robe of Wu Jian's Scorn {Rampage Will+}
   869 | D:2      | Reached skill level 2 in Conjurations
  1224 | D:2      | Reached skill level 4 in Spellcasting
  1224 | D:2      | Reached skill level 4 in Fire Magic
  1292 | D:2      | Reached XP level 4. HP: 24/24 MP: 9/12
  1671 | D:3      | Found Ecomisu's Antique Armour Emporium.
  1727 | D:3      | Reached XP level 5. HP: 8/28 MP: 1/14
  1728 | D:3      | Reached skill level 5 in Spellcasting
  1898 | D:3      | Noticed Natasha
  1898 | D:3      | Noticed Sigmund
  1931 | D:3      | Killed Natasha
  1932 | D:3      | Reached skill level 5 in Fire Magic
  2077 | D:3      | Killed Sigmund
  2078 | D:3      | Reached skill level 1 in Translocations
  2078 | D:3      | Reached skill level 1 in Air Magic
  2078 | D:3      | Reached XP level 6. HP: 32/32 MP: 9/16
  2931 | D:4      | Found a shimmering blue altar of Sif Muna.
  2939 | D:4      | Became a worshipper of Sif Muna the Loreminder
  3041 | D:5      | Entered Level 5 of the Dungeon
  3059 | D:5      | Found a hide-covered altar of Uskayaw.
  3059 | D:5      | Noticed a +0 falchion
  3059 | D:5      | Noticed a +0 spear
  3059 | D:5      | Noticed a +0 dagger
  3060 | D:5      | Noticed a +0 falchion
  3060 | D:5      | Noticed a +0 short sword
  3060 | D:5      | Noticed a +0 dagger
  3061 | D:5      | Noticed a +0 short sword
  3062 | D:5      | Noticed a +0 spear
  3087 | D:5      | Reached skill level 2 in Translocations
  3102 | D:5      | Reached skill level 3 in Conjurations
  3208 | D:5      | Reached skill level 2 in Air Magic
  3215 | D:5      | Reached XP level 7. HP: 36/36 MP: 12/17
  3236 | D:5      | Reached skill level 6 in Spellcasting
  3434 | D:5      | Reached skill level 6 in Fire Magic
  3440 | D:5      | Reached skill level 4 in Conjurations
  3446 | D:5      | HP: 1/54 [water moccasin (5)]
  3447 | D:5      | Succumbed to a water moccasin's poison

Illustrated notes

Levels and vault maps discovered:
D:1:      beargit_arrival_greenhouse, layout_loops_ring
D:2:      layout_basic
D:3:      layout_basic, serial_shops, nicolae_diamond_shop,
          hangedman_abyss_or_decor_lesser_grid, minmay_vboxes, uniq_natasha,
          uniq_sigmund
D:4:      layout_basic, kennysheep_orc_sif_temple
D:5:      layout_rooms, nicolae_uskayaw_en_pointe, serial_bayou,
          serial_bayou_pond_b, serial_bayou_pond_b, serial_bayou_lagoon_a,
          serial_bayou_pond_b, serial_bayou_pond_b, serial_bayou_pond_e,
          kennysheep_generic_room_5, uniq_duvessa

Skill      XL: |  1  2  3  4  5  6  7 |
---------------+----------------------+-----
Stealth        | 3 |  3.0
Dodging        | 3 |  3.0
Conjurations   | 2 3 4 |  4.0
Spellcasting   | 4 5 6 |  6.0
Fire Magic     | 4 5 6 |  6.0
Translocations | 1 2 |  2.0
Air Magic      | 1 2 |  2.0

Action                   |  1- 3 |  4- 6 |  7- 9 || total
-------------------------+-------+-------+-------++-------
Melee: Unarmed           |     2 |       |       ||     2
       Whip              |    27 |    54 |    14 ||    95
 Cast: Foxfire           |    23 |    64 |    12 ||    99
       Scorch            |    18 |    20 |     9 ||    47
  Use: Potion            |       |     1 |     1 ||     2
 Stab: Sleeping          |     1 |     1 |       ||     2
Armor: Robe              |     5 |    14 |     6 ||    25
Dodge: Dodged            |    21 |    55 |    33 ||   109

Table legend: (Time is in decaauts)
 A = Elapsed time spent in this place.
 B = Non-inter-level travel time spent in this place.
 C = Inter-level travel time spent in this place.
 D = Time resting spent in this place.
 E = Time spent auto-exploring this place.
 F = Levels seen in this place.
 G = Mean time per level.
                   A        B        C        D        E       F      G
               +--------+--------+--------+--------+--------+-----+--------+
         Total |   3470 |   3324 |    146 |    339 |    845 |   5 |  694.0 |
       Dungeon |   3470 |   3324 |    146 |    339 |    845 |   5 |  694.0 |
               +--------+--------+--------+--------+--------+-----+--------+

Top non-repeatable levels by time:
     D:4: 884 daAuts
     D:3: 817 daAuts
     D:2: 708 daAuts
     D:1: 650 daAuts
     D:5: 409 daAuts
